 Dungeon Crawl Stone Soup version 0.24.0-1-gfbc8707122 (webtiles) character file.

Game seed: 11328233102871408187, levelgen mode: deterministic

56 Mrkan the Skirmisher (level 3, -2/33 HPs)
             Began as a Draconian Fighter on Oct 25, 2019.
             Slain by a hobgoblin
             ... wielding a +0 club
              (4 damage)
             ... on level 2 of the Dungeon.
             The game lasted 00:01:58 (1166 turns).

Mrkan the Skirmisher (Draconian Fighter)            Turns: 1166, Time: 00:01:59

Health: -2/33      AC:  6    Str: 18    XL:     3   Next: 69%
Magic:  3/3        EV: 10    Int:  9    God:
Gold:   42         SH:  9    Dex: 10    Spells: 2/2 levels left

rFire    . . .     SeeInvis .   a - +0 long sword
rCold    . . .     Gourm    .   b - +0 shield
rNeg     . . .     Faith    .   (armour unavailable)
rPois    .         Spirit   .   (helmet restricted)
rElec    .         Reflect  .   (no cloak)
rCorr    .         Harm     .   (no gloves)
MR       .....                  r - +0 pair of boots
Stlth    +.........             (no amulet)
HPRegen  0.11/turn              (no ring)
MPRegen  0.08/turn              (no ring)

@: about to teleport
A: unfitting armour, cold-blooded, AC +5
a: no special abilities


You were on level 2 of the Dungeon.
You were not hungry.

You visited 1 branch of the dungeon, and saw 2 of its levels.

You collected 42 gold pieces.

Inventory:

Hand Weapons
 a - a +0 long sword (weapon)
Armour
 b - a +0 shield (worn)
 r - a +0 pair of boots (worn)
Scrolls
 e - a scroll of enchant weapon
 h - a scroll of remove curse
 i - a scroll of teleportation
 j - a scroll of enchant armour {unknown}
 n - a scroll of random uselessness {unknown}
 o - 2 scrolls of identify
Potions
 c - a potion of might
 f - a potion of flight {unknown}
 g - a potion of magic {unknown}
 k - 2 potions of curing {unknown}
 l - a potion of heal wounds {unknown}
 m - a potion of haste {unknown}
Comestibles
 d - 4 rations


   Skills:
 + Level 3.8 Fighting
 * Level 3.2 Long Blades
 - Level 2.6 Dodging
 + Level 3.5 Shields


You had 2 spell levels left.
You didn't know any spells.
Your spell library was empty.

Dungeon Overview and Level Annotations

Branches:
Dungeon (2/15)

Altars:


Innate Abilities, Weirdness & Mutations

Your plain brown scales are hard. (AC +5)
You cannot fit into any form of body armour.
You are cold-blooded and may be slowed by cold attacks.


Message History

The kobold barely misses you. The kobold hits you but does no damage.
A hobgoblin comes into view. It is wielding a +0 club.
The hobgoblin shouts!
Okay, then.
As you read the scroll labeled SEAV HEASAMI, it crumbles to dust.
You feel blessed for a moment.
It was a scroll of remove curse.
The hobgoblin hits you but does no damage.
As you read the scroll labeled GASHRO PUZEOR, it crumbles to dust.
You feel strangely unstable.
It was a scroll of teleportation.
The hobgoblin hits you but does no damage.
You block the kobold's attack. The hobgoblin barely misses you.
As you read the scroll labeled PANUFU PEAJO, it crumbles to dust.
It is a scroll of identify.
e - a scroll of enchant weapon The hobgoblin misses you.
You block the kobold's attack. The hobgoblin closely misses you.
As you read the scroll labeled MUUMIO RINGOXENU, it crumbles to dust.
The creatures around you are filled with an inner flame!
It was a scroll of immolation.
The hobgoblin hits you with a +0 club.
You die...

#.#)....# #.....#
#....## #.#.....#
#.....# #...)##
#.####### #####.#
#...... #.#
#.####### #.....#
#.# #.......#
###.#.# #.#
#######.# #..(# #)#
#...# ##########.#
###...#
#..@K.#....###.....#
#.g#g.#..#..........
#..#..#..#.......#.#
#..#..#..#.......#..
#.##.##.##.......##.
..#.)#..##.###......
#..#..#..##.#
#######
#..#..#..##.#
#.....##.


You could see 2 hobgoblins and a kobold (inner flame).

Vanquished Creatures
  3 adders (D:2)
  A worm (D:2)
  A dart slug (D:1)
  5 goblins
  7 hobgoblins
  2 jackals (D:2)
  A ball python (D:1)
  A bat (D:1)
21 creatures vanquished.

Notes
Turn   | Place    | Note
-------+----------+-------------------------------------------
     0 | D:1      | Mrkan the Draconian Fighter began the quest for the Orb.
     0 | D:1      | Reached XP level 1. HP: 19/19 MP: 1/1
   531 | D:1      | Reached XP level 2. HP: 26/26 MP: 2/2
   895 | D:2      | Reached XP level 3. HP: 8/33 MP: 3/3
  1157 | D:2      | HP: 1/33 [hobgoblin/+0 club (4)]
  1166 | D:2      | Slain by a hobgoblin

Levels and vault maps discovered:
D:1:      lightli_iron_boxes, layout_loops_corners
D:2:      minmay_angry_zag, layout_basic, lemuel_round_altar, first_ration

Skill      XL: |  1  2 |
---------------+-------+-----
Long Blades    | 3 |  3.2
Fighting       | |  3.8
Dodging        | |  2.6
Shields        | |  3.5

Action                   || total
-------------------------++-------
Melee: Long sword        ||    97
       Tailslap          ||     6
  Use: Scroll            ||     4
  Eat: Chunk             ||     1
Armor: Skin              ||    37
Dodge: Dodged            ||    54
Block: Shield            ||    58
       Rpst.: Long sword ||    19
